cohdb
Replays
Latest Replays
All Replays
Popular Replays
Top Player Replays
Match Explorer
How It Works
Community
CoH3 Stats
Reddit
Sign in to upload your games and track your stats! →
Sign in with Steam
3 Rangers into 4 Howitzers, absolute madness
Match 40533003
Overview
Messages
Build Orders
End
Construct Section Command Post
Infantry Section
Vickers Machine Gun Team
Infantry Section
Infantry Section
Construct Platoon Command Post
Grenade Package
6-pounder Anti-tank Gun Team
CMP 15cwt Truck
Unlock Bishop Self-propelled Artillery
Vickers Machine Gun Team
Bishop Self-propelled Artillery
Bishop Self-propelled Artillery
Forward Retreat Point
Construct Company Command Post
Unlock Towed 17-pounder Anti-tank Guns
17-pounder Anti-tank Gun Team
Infantry Training
Selects Canadian Shock Battlegroup
Selects Incendiary Munitions
Selects Pyrotechnics
Selects Churchill Crocodile Heavy Tank
葫芦娃之爷爷
Каматозный Маври
小龙虾
Ymmot
broodwarjc
Rakirovka
0
0
Comments
sign in to comment!
No comments posted yet!